 Dungeon Crawl Stone Soup version 0.20.0-15-g7f486f2 (webtiles) character file.

5576 JohnnyMnemonic the Cleaver (level 10, -7/100 HPs)
             Began as a Hill Orc Fighter on June 24, 2017.
             Was a Believer of Ashenzari.
             Killed from afar by Erica (17 damage)
             ... with an orb of energy
             ... on level 9 of the Dungeon.
             The game lasted 00:11:28 (10745 turns).

JohnnyMnemonic the Cleaver (Hill Orc Fighter)      Turns: 10745, Time: 00:11:29

Health: -7/100     AC: 14    Str: 24    XL:     10   Next: 72%
Magic:  19/19      EV: 23    Int: 11    God:    Ashenzari [**....]
Gold:   286        SH:  0    Dex: 15    Spells: 9/9 levels left

rFire    . . .     SeeInvis .   u - +0 hand axe (freeze)
rCold    . . .     Gourm    .   (no shield)
rNeg     . . .     Faith    .   y - +2 ring mail (curse)
rPois    .         Spirit   .   M - +1 hat
rElec    .         Reflect  .   F - +0 cloak
rCorr    .         Harm     .   s - +0 pair of gloves
MR       .....                  B - +2 pair of boots {Fly} (curse)
Stlth    ++........             (no amulet)
Regen    0.3/turn               n - ring of magical power
MPRegen  0.2/turn               A - +4 ring of strength (curse)

@: agile, flying, hasted, very quick
A: antennae 1, talons 1, repulsion field 1, clever 1, clumsy 1, robust 1
a: Curse Item, Scrying, Renounce Religion, Stop Flying


You were on level 9 of the Dungeon.
You worshipped Ashenzari.
Ashenzari was pleased with you.
You were not hungry.

You visited 1 branch of the dungeon, and saw 9 of its levels.

You collected 484 gold pieces.
You spent 198 gold pieces at shops.

Inventory:

Hand Weapons
 a - a +0 war axe
 l - a +0 flail of holy wrath
 u - a +0 hand axe of freezing (weapon)
 x - a +0 flail of protection
 H - a +0 morningstar
Armour
 c - a +0 shield
 d - a +0 helmet
 e - a +3 leather armour
 s - a +0 pair of gloves (worn)
 y - a cursed +2 ring mail (worn)
 B - a cursed +2 pair of boots of flying (worn)
 F - a +0 cloak (worn)
 M - a +1 hat (worn)
Jewellery
 n - a ring of magical power (left hand)
 A - a cursed +4 ring of strength (right hand)
Wands
 z - a wand of flame (30/48)
 G - a wand of confusion (21/48)
 I - a wand of flame (25/48)
 K - a wand of lightning (4/15)
Scrolls
 b - a scroll of enchant weapon {unknown}
 i - 4 scrolls of teleportation
 j - 5 scrolls of identify
 k - 2 scrolls of magic mapping {unknown}
 q - a scroll of fear {unknown}
 t - a scroll of random uselessness {unknown}
 w - a scroll of blinking {unknown}
 D - 3 scrolls of recharging {unknown}
 E - a scroll of amnesia {unknown}
 L - a scroll of immolation {unknown}
Potions
 h - a potion of mutation
 m - 2 potions of degeneration
 v - a potion of curing
 N - a potion of cancellation
Comestibles
 f - 8 bread rations
 g - 6 fruits
 o - 6 royal jellies
 r - 4 meat rations
 J - 3 chunks of flesh


   Skills:
 + Level 9.0 Fighting
 + Level 13.3 Axes
 - Level 3.2 Armour
 + Level 7.9 Dodging
 - Level 3.2 Shields


You had 9 spell levels left.
You didn't know any spells.

Dungeon Overview and Level Annotations

Branches:
Dungeon (9/15)             Temple (0/1) D:6
   Lair: D:8-11         Orc: D:9-12

Altars:
Ashenzari
Fedhas
Gozag
Kikubaaqudgha
Makhleb
Ru
Trog
Vehumet
Zin

Shops:
D:7 [

Annotations:
D:6 4 runed doors
D:9 Erica


Innate Abilities, Weirdness & Mutations

You have a pair of small antennae on your head.
You have sharp toenails.
You are surrounded by a mild repulsion field. (EV +2)
Your mind is acute. (Int +2)
You are clumsy. (Dex -2)
You are robust. (+10% HP)


Message History

* * * LOW HITPOINT WARNING * * *
The hippogriff barely misses you.
You slash the hippogriff! You freeze the hippogriff.
You kill the hippogriff!
You hear some strange, mumbled words.
You closely miss something. You completely miss something.
You closely miss something.
Something hits the ice beast.
Something shocks the ice beast.
You slash something! You freeze something. You hit something.
You freeze something.
You hear some strange, mumbled words.
An orb of energy appears from out of thin air!
The orb of energy hits something.
Reactivating autopickup.
Your Fighting skill increases to level 9!
You feel a bit more experienced.
The orb of energy explodes!
Deactivating autopickup; reactivate with Ctrl-A.
The mystic blast hits you!
You die...

#.#* ,, ##.# * ** ##+
#.<# ...,* #.##
#####.#### ##'####
#.........* #.....#
###......... ,
#.....# ##...........
#.....###.{#.{.......
#.....'@†Y##.........
#.....######.........
####### #...../...
#.........*
##########


You could see an ice beast.

Vanquished Creatures
  A two-headed ogre (D:6)
  Pikel (D:7)
  A hippogriff (D:9)
  4 hogs (D:7)
  A human (D:7)
  A water moccasin (D:7)
  Duvessa (D:5)
  A slave (D:7)
  A sky beast (D:7)
  6 ogres
  A necrophage (D:7)
  2 centaurs
  7 bullfrogs
  Dowan (D:5)
  4 killer bees (D:8)
  4 scorpions
  8 wights
  A crimson imp (D:5)
  5 hounds
  A centaur zombie (D:6)
  A quasit (D:5)
  3 gnoll shamans
  6 orc wizards
  2 orc priests
  2 bullfrog skeletons (D:6)
  A centaur skeleton (D:8)
  6 iguanas
  Terence (D:2)
  Natasha (twice) (D:3)
  4 worker ants
  A worker ant zombie (D:5)
  Robin (D:2)
  A howler monkey skeleton (D:4)
  14 gnolls
  8 adders
  3 shadow imps
  An ooze (D:4)
  An adder zombie (D:5)
  An adder skeleton (D:9)
  4 worms
  The ghost of TheSkald the Charmwright, a weakling HuSk (D:4)
  3 dart slugs
  9 leopard geckos
  25 orcs
  A ball python (D:1)
  8 bats
  8 giant cockroaches
  19 goblins
  12 hobgoblins
  9 jackals
  7 kobolds
  4 quokkas
  5 frilled lizards
  A leopard gecko skeleton (D:4)
  10 rats
237 creatures vanquished.

Vanquished Creatures (others)
  A sky beast (D:9)
  2 slaves (D:7)
  An orc (D:7)
  A withered plant (D:4)
5 creatures vanquished.

Grand Total: 242 creatures vanquished

Notes
Turn   | Place    | Note
-------+----------+-------------------------------------------
     0 | D:1      | JohnnyMnemonic the Hill Orc Fighter began the quest for the Orb.
     0 | D:1      | Reached XP level 1. HP: 19/19 MP: 1/1
    24 | D:1      | Reached skill level 3 in Axes
   107 | D:1      | Reached XP level 2. HP: 26/26 MP: 2/2
   295 | D:1      | Reached skill level 4 in Axes
   919 | D:1      | Reached XP level 3. HP: 27/31 MP: 3/3
  1127 | D:2      | Noticed Robin
  1136 | D:2      | Killed Robin
  1136 | D:2      | Reached skill level 5 in Axes
  1470 | D:2      | Reached XP level 4. HP: 39/39 MP: 4/4
  1517 | D:2      | Noticed Terence
  1533 | D:2      | Killed Terence
  1533 | D:2      | Reached skill level 6 in Axes
  1906 | D:2      | Found a bloodstained altar of Trog.
  2194 | D:3      | Noticed an ogre
  2199 | D:3      | Killed an ogre
  2199 | D:3      | Reached skill level 7 in Axes
  2199 | D:3      | Reached skill level 1 in Dodging
  2199 | D:3      | Reached XP level 5. HP: 40/45 MP: 5/5
  2312 | D:3      | Reached XP level 6. HP: 45/51 MP: 6/6
  2477 | D:3      | Found a radiant altar of Vehumet.
  2882 | D:3      | Found a shattered altar of Ashenzari.
  2886 | D:3      | Became a worshipper of Ashenzari the Shackled
  3120 | D:3      | Found a sacrificial altar of Ru.
  3134 | D:3      | Found a burning altar of Makhleb.
  3135 | D:3      | Noticed Natasha
  3140 | D:3      | Killed Natasha
  3140 | D:3      | Reached skill level 8 in Axes
  3190 | D:3      | Noticed Natasha
  3205 | D:3      | Killed Natasha
  3580 | D:3      | Found an opulent altar of Gozag.
  3581 | D:3      | Found a glowing silver altar of Zin.
  3756 | D:4      | Reached XP level 7. HP: 29/57 MP: 7/7
  3762 | D:4      | Gained mutation: You are clumsy. (Dex -2) [potion of mutation]
  3762 | D:4      | Gained mutation: You have a pair of small antennae on your head. [potion of mutation]
  3762 | D:4      | Gained mutation: You have supernaturally acute eyesight. (SInv) [potion of mutation]
  4416 | D:4      | Noticed TheSkald's ghost (weakling HuSk)
  4424 | D:4      | Killed TheSkald's ghost
  4734 | D:4      | Reached skill level 9 in Axes
  5308 | D:4      | Found an ancient bone altar of Kikubaaqudgha.
  5308 | D:4      | Found a blossoming altar of Fedhas.
  5381 | D:5      | Entered Level 5 of the Dungeon
  5463 | D:5      | Reached XP level 8. HP: 35/64 MP: 8/8
  6096 | D:5      | Noticed Duvessa
  6097 | D:5      | Noticed Dowan
  6122 | D:5      | Killed Duvessa
  6122 | D:5      | Reached skill level 10 in Axes
  6141 | D:5      | Killed Dowan
  6141 | D:5      | Reached skill level 5 in Dodging
  6628 | D:6      | Found a large runed door.
  6628 | D:6      | Found a large runed door.
  6850 | D:6      | Reached * piety under Ashenzari
  6864 | D:6      | Found a staircase to the Ecumenical Temple.
  7062 | D:6      | Lost mutation: You have supernaturally acute eyesight. (SInv) [potion of mutation]
  7062 | D:6      | Gained mutation: You are surrounded by a mild repulsion field. (EV +2) [potion of mutation]
  7062 | D:6      | Gained mutation: You are robust. (+10% HP) [potion of mutation]
  7062 | D:6      | Gained mutation: You have sharp toenails. [potion of mutation]
  7062 | D:6      | Gained mutation: Your mind is acute. (Int +2) [potion of mutation]
  7268 | D:6      | Found a large runed door.
  7269 | D:6      | Found a large runed door.
  7296 | D:6      | Reached XP level 9. HP: 72/79 MP: 9/9
  7415 | D:6      | Reached skill level 11 in Axes
  7441 | D:6      | Noticed a two-headed ogre
  7458 | D:6      | Killed a two-headed ogre
  7952 | D:7      | Found Haahoc's Armour Emporium.
  7971 | D:7      | Bought a +1 pair of boots of flying for 198 gold pieces
  8413 | D:7      | Reached skill level 12 in Axes
  8710 | D:7      | Reached XP level 10. HP: 81/94 MP: 10/10
  9481 | D:7      | Found a sacrificial altar of Ru.
  9528 | D:7      | Noticed Pikel
  9583 | D:7      | Killed Pikel
 10103 | D:8      | Reached ** piety under Ashenzari
 10130 | D:8      | Reached skill level 13 in Axes
 10711 | D:9      | Noticed Erica
 10745 | D:9      | Killed from afar by Erica

Skill      XL: |  1  2  3  4  5  6  7  8  9 10 |
---------------+-------------------------------+-----
Axes           | 3 4 5 7 8 9 10 12 13 | 13.3
Dodging        | 1 3 4 5 7 |  7.9
Fighting       | 4 7 9 |  9.0
Armour         | |  3.2
Shields        | |  3.2

Action                   |  1- 3 |  4- 6 |  7- 9 | 10-12 || total
-------------------------+-------+-------+-------+-------++-------
Melee: War axe           |    77 |   102 |       |       ||   179
       Hand axe          |       |   108 |   508 |   253 ||   869
Invok: Curse Item        |       |       |     1 |     1 ||     2
  Use: Potion            |     1 |     1 |     8 |     4 ||    14
       Scroll            |       |       |       |     7 ||     7
 Stab: Sleeping          |       |     1 |       |       ||     1
       Paralysed         |       |       |       |     1 ||     1
  Eat: Chunk             |     2 |     7 |    16 |     7 ||    32
Armor: Scale mail        |     4 |       |       |       ||     4
       Leather armour    |    21 |    65 |     6 |       ||    92
       Ring mail         |       |       |   105 |    63 ||   168
Dodge: Dodged            |    28 |   101 |   195 |   140 ||   464
Block: Shield            |    48 |   100 |   200 |    38 ||   386
